 Dungeon Crawl Stone Soup version 0.22-a0-605-g9281fa2407 (webtiles) character file.

8061 Bapho the Carver (level 11, -3/80 HPs)
             Began as a Demonspawn Gladiator on July 8, 2018.
             Was an Elder of Okawaru.
             Slain by a komodo dragon (6 damage)
             ... on level 10 of the Dungeon.
             The game lasted 00:28:51 (10682 turns).

Bapho the Carver (Demonspawn Gladiator)            Turns: 10682, Time: 00:28:52

Health: -3/80      AC: 21    Str: 16    XL:     11   Next: 5%
Magic:  0/15       EV: 13    Int:  9    God:    Okawaru [****..]
Gold:   585        SH:  0    Dex: 17    Spells: 10/10 levels left

rFire    + . .     SeeInvis .   a - +0 long sword (slice)
rCold    . . .     Gourm    .   (no shield)
rNeg     . . .     Faith    .   T - +0 plate armour
rPois    .         Spirit   +   (helmet unavailable)
rElec    .         Reflect  .   (no cloak)
rCorr    .         Harm     .   S - +0 pair of gloves
MR       .....                  M - +0 pair of boots
Stlth    ..........             (no amulet)
HPRegen  0.23/turn              J - +3 ring of evasion
MPRegen  0.14/turn              U - ring of protection from fire

@: heroism
A: horns 3, iridescent scales 2, powered by death 1, magic shield
a: Heroism, Renounce Religion


You were on level 10 of the Dungeon.
You worshipped Okawaru.
Okawaru was greatly pleased with you.
You were near starving.

You visited 2 branches of the dungeon, and saw 12 of its levels.
You also visited: Sewer.

You collected 629 gold pieces.
You spent 44 gold pieces at shops.

Inventory:

Hand Weapons
 a - a +0 long sword of slicing (weapon)
 b - a +0 shortbow
 u - a +0 scimitar
 E - a +1 long sword
Missiles
 d - 144 arrows
 w - 328 stones (quivered)
 y - 17 tomahawks
 B - 2 javelins
Armour
 M - a +0 pair of boots (worn)
 S - a +0 pair of gloves (worn)
 T - a +0 plate armour (worn)
Jewellery
 e - a +2 ring of dexterity
 h - a +3 ring of strength
 n - an uncursed ring of stealth
 x - an uncursed ring of magical power
 J - a +3 ring of evasion (left hand)
 R - an uncursed amulet of regeneration {unknown}
 U - a ring of protection from fire (right hand)
Wands
 c - a wand of flame (16)
 A - a wand of digging (13)
 H - a wand of iceblast (4)
 V - a wand of paralysis (12)
 W - a wand of random effects (33)
Scrolls
 i - 6 scrolls of remove curse
 k - a scroll of brand weapon {unknown}
 m - a scroll of random uselessness {unknown}
 q - 3 scrolls of magic mapping
 r - 2 scrolls of amnesia {unknown}
 s - 2 scrolls of noise {unknown}
 t - 13 scrolls of teleportation {unknown}
 v - a scroll of blinking {unknown}
 D - a scroll of enchant weapon
 G - 2 scrolls of immolation {unknown}
 L - 3 scrolls of identify
 P - 2 scrolls of fog {unknown}
Potions
 g - 2 potions of resistance
 j - a potion of mutation {unknown}
 l - 2 potions of haste
 o - a potion of cancellation {unknown}
 p - 2 potions of agility
 z - 4 potions of lignification
 C - 7 potions of degeneration {unknown}
 K - 2 potions of curing
 N - 3 potions of brilliance {unknown}
 O - 2 potions of invisibility {unknown}
 Q - 3 potions of magic {unknown}
 X - a potion of might
 Y - a potion of flight {unknown}
Comestibles
 f - 17 rations


   Skills:
 - Level 5.5(10.5) Fighting
 * Level 11.1(16.1) Long Blades
 * Level 6.4(11.4) Bows
 - Level 1.7(6.7) Throwing
 - Level 4.5(9.5) Armour
 - Level 5.4(10.4) Dodging
 - Level 6.0 Invocations


You had 10 spell levels left.
You didn't know any spells.
Your spell library contained the following spells:

 Spells                   Type           Power        Failure   Level  Hunger
 Apportation              Tloc           #.....       100%        1    ##.....
 Confuse                  Hex            #.......     100%        3    ####...
 Summon Small Mammal      Summ           #...         100%        1    ##.....
 Animate Dead             Necr           N/A          100%        4    #####..
 Pain                     Necr           #...         100%        1    ##.....
 Animate Skeleton         Necr           N/A          100%        1    ##.....
 Vampiric Draining        Necr           #.........   100%        3    ####...
 Regeneration             Chrm/Necr      #.........   100%        3    ####...
 Tukima's Dance           Hex            #.......     100%        3    ####...
 Confusing Touch          Hex            #.....       100%        1    ##.....
 Ensorcelled Hibernation  Hex/Ice        #.....       100%        2    ###....
 Corona                   Hex            #......      100%        1    ##.....
 Dazzling Spray           Conj/Hex       #.....       100%        3    ####...


Dungeon Overview and Level Annotations

Branches:
Dungeon (11/15)            Temple (1/1) D:5            Lair (0/6) D:10
    Orc (0/2) D:9

Altars:
Ashenzari
Cheibriados
Dithmenos
Elyvilon
Fedhas
Gozag
Hepliaklqana
Kikubaaqudgha
Makhleb
Nemelex Xobeh
Okawaru
Qazlal
Ru
Sif Muna
Trog
Uskayaw
Vehumet
Wu Jian
Xom
Yredelemnul
Zin
The Shining One

Shops:
D:6 *   D:7 (


Innate Abilities, Weirdness & Mutations

You have a pair of large horns on your head.
You are mostly covered in iridescent scales. (AC +4)
You regenerate a little health from kills.
When hurt, damage is shared between your health and your magic reserves.


Message History

You feel much better. The komodo dragon bites you!
* * * LOW HITPOINT WARNING * * *
There is an open door here.
You see here a flail.
The komodo dragon hisses menacingly.
There is an open door here.
You feel much better. The komodo dragon bites you!
* * * LOW HITPOINT WARNING * * *
All of the chunks of flesh in your inventory have rotted away.
Your plate armour prevents you from hitting the komodo dragon.
You headbutt the komodo dragon!
The komodo dragon is severely wounded.
You hit the komodo dragon.
The komodo dragon is severely wounded.
The komodo dragon bites you!!
* * * LOW HITPOINT WARNING * * *
You slash the komodo dragon!
The komodo dragon is almost dead.
The komodo dragon bites you.
You die...

#####....'...)....####.###.#.#.#
#.....####..).....'..'...#.<.#.#
####### #........####.###.###.#
##..#### #........# ##...#...#.#
#)#..#.# #.......)# #..#.#####.#
#.^⌠.#.## ###'######
#>.#.(.....# ≈.≈^.'..# #.##
#####'###### #..#.'..# #..###
#.### ≈.≈..#..# ##Hl@# #...#
##..≈#..# ######'## ######'###
#.##.#..# #.#.....# #........#
######.####.###.#.### #..[.....#
)........##...#.#.'.###........#
.......#.####.#.#.#...#........#
>......#.##.#...#.###.#.....)..#
.......#..#.#####.# #.'........#
.......##.#.#...#.# ###........#


You could see a komodo dragon and a hippogriff.

Vanquished Creatures
  The ghost of strelocc the Cruncher, a journeyman FoFi of Ashenzari (D:10)
  2 two-headed ogres
  Pikel (D:7)
  Joseph (D:7)
  A komodo dragon (D:10)
  4 hippogriffs
  Sigmund (D:2)
  A wraith (D:10)
  Eustachio (D:4)
  2 hungry ghosts (D:10)
  3 orc warriors
  A slave (D:7)
  2 ice beasts
  A sky beast (D:7)
  A black bear (D:6)
  A phantom (D:6)
  A necrophage (D:8)
  An ogre (D:10)
  2 centaurs
  A crocodile (D:8)
  A big kobold (D:9)
  6 bullfrogs
  2 scorpions
  5 howler monkeys
  4 wights (D:9)
  A crimson imp (D:8)
  2 bullfrog zombies
  A centaur zombie (D:8)
  5 hounds
  2 jellies (D:9)
  A gnoll shaman (D:4)
  2 bullfrog skeletons (D:5)
  6 orc priests
  3 centaur skeletons
  2 iguanas
  7 orc wizards
  12 worker ants
  2 hound zombies
  2 worker ant zombies
  13 adders
  9 gnolls
  2 shadow imps (D:5)
  8 oozes (Sewer)
  2 adder skeletons
  4 worms
  13 leopard geckos
  29 orcs
  15 ball pythons
  5 bats
  18 giant cockroaches
  11 goblins
  7 hobgoblins
  5 jackals
  3 quokkas
  14 frilled lizards
  4 kobolds
  A leopard gecko zombie (D:7)
  3 quokka skeletons
  9 rats
270 creatures vanquished.

Vanquished Creatures (others)
  3 jackals (D:7)
3 creatures vanquished.

Grand Total: 273 creatures vanquished

Notes
Turn   | Place    | Note
-------+----------+-------------------------------------------
     0 | D:1      | Bapho the Demonspawn Gladiator began the quest for the Orb.
     0 | D:1      | Reached XP level 1. HP: 16/16 MP: 1/1
   473 | D:1      | Gained mutation: You are partially covered in iridescent scales. (AC +2) [demonic ancestry]
   473 | D:1      | Reached XP level 2. HP: 20/22 MP: 2/2
   535 | D:1      | Reached skill level 3 in Long Blades
  1139 | D:2      | Noticed Sigmund
  1249 | D:2      | Killed Sigmund
  1249 | D:2      | Reached skill level 4 in Long Blades
  1249 | D:2      | Reached skill level 1 in Armour
  1249 | D:2      | Gained mutation: You regenerate a little health from kills. [demonic ancestry]
  1249 | D:2      | Reached XP level 3. HP: 7/29 MP: 3/3
  1249 | D:2      | Gained mutation: You have a pair of small horns on your head. [demonic ancestry]
  1249 | D:2      | Reached XP level 4. HP: 9/35 MP: 4/4
  1249 | D:2      | Gained mutation: You are mostly covered in iridescent scales. (AC +4) [demonic ancestry]
  1249 | D:2      | Reached XP level 5. HP: 10/41 MP: 5/5
  2281 | D:3      | Gained mutation: You have a pair of horns on your head. [demonic ancestry]
  2281 | D:3      | Reached XP level 6. HP: 44/47 MP: 6/6
  2339 | D:3      | Found a glowing drain.
  2343 | Sewer    | Entered a sewer
  3331 | D:3      | You fall through a shaft for 2 floors!
  3331 | D:5      | Entered Level 5 of the Dungeon
  3460 | D:4      | Reached skill level 5 in Long Blades
  3460 | D:4      | Reached XP level 7. HP: 46/53 MP: 7/7
  4834 | D:4      | Noticed Eustachio
  4867 | D:4      | Killed Eustachio
  5064 | D:4      | Reached skill level 6 in Long Blades
  5064 | D:4      | Gained mutation: You have a pair of large horns on your head. [demonic ancestry]
  5064 | D:4      | Reached XP level 8. HP: 48/61 MP: 8/8
  5594 | D:5      | Reached skill level 5 in Fighting
  5594 | D:5      | Reached skill level 5 in Dodging
  5902 | D:5      | Found a deep blue altar of Sif Muna.
  6242 | D:5      | Found a staircase to the Ecumenical Temple.
  6253 | Temple   | Entered the Ecumenical Temple
  6491 | Temple   | Became a worshipper of Warmaster Okawaru
  6666 | D:6      | Reached skill level 7 in Long Blades
  6720 | D:6      | Found Itaoney's General Store.
  6725 | D:6      | Bought a potion of might for 44 gold pieces
  7144 | D:7      | Found Kupan's Weapon Emporium.
  7260 | D:7      | Found a shadowy altar of Dithmenos.
  7262 | D:7      | Noticed Joseph
  7278 | D:7      | Killed Joseph
  7278 | D:7      | Reached * piety under Okawaru
  7278 | D:7      | Reached skill level 1 in Bows
  7278 | D:7      | Gained mutation: When hurt, damage is shared between your health and your magic reserves. [demonic ancestry]
  7278 | D:7      | Reached XP level 9. HP: 53/68 MP: 9/9
  7472 | D:7      | Reached skill level 8 in Long Blades
  7498 | D:7      | Found a hide-covered altar of Uskayaw.
  7605 | D:7      | Noticed Pikel
  7617 | D:7      | Killed Pikel
  7617 | D:7      | Reached ** piety under Okawaru
  7617 | D:7      | Reached skill level 9 in Long Blades
  8013 | D:8      | Noticed a two-headed ogre
  8024 | D:8      | Killed a two-headed ogre
  8024 | D:8      | Reached XP level 10. HP: 38/74 MP: 4/10
  8259 | D:8      | Reached skill level 1 in Invocations
  8449 | D:8      | Found a hide-covered altar of Uskayaw.
  8449 | D:8      | Found a shattered altar of Ashenzari.
  8461 | D:8      | Found a shimmering altar of Xom.
  8464 | D:8      | Found a bloodstained altar of Trog.
  8466 | D:8      | Found a glowing silver altar of Zin.
  8707 | D:9      | Got an encrusted hand crossbow
  8708 | D:9      | Identified the cursed +0 hand crossbow of Light {penet, rN+} (You found it on level 9 of the Dungeon)
  8778 | D:9      | Reached *** piety under Okawaru
  8802 | D:9      | Reached skill level 10 in Long Blades
  9137 | D:9      | Found a staircase to the Orcish Mines.
  9354 | D:9      | Reached skill level 5 in Bows
  9629 | D:9      | Found a stormy altar of Qazlal.
  9664 | D:10     | Entered Level 10 of the Dungeon
  9726 | D:10     | Reached skill level 5 in Invocations
  9798 | D:10     | Found a staircase to the Lair.
  9806 | D:10     | Reached **** piety under Okawaru
 10148 | D:10     | Found a large runed door.
 10148 | D:10     | Found a large runed door.
 10150 | D:10     | Noticed strelocc's ghost (journeyman FoFi)
 10164 | D:10     | Killed strelocc's ghost
 10321 | D:10     | Noticed a two-headed ogre
 10327 | D:10     | Killed a two-headed ogre
 10327 | D:10     | Reached skill level 11 in Long Blades
 10415 | D:10     | Reached XP level 11. HP: 69/78 MP: 12/15
 10681 | D:10     | HP: 3/80 [komodo dragon (20)]
 10682 | D:10     | Slain by a komodo dragon

Vault maps used:
D:1:      elethiomel_arrival_quiet
D:2:      first_ration, item_on_display_a, uniq_sigmund
D:3:      gup_sewer_entry_spiral, minivault_5
D:4:      kennysheep_generic_room_11, uniq_eustachio
D:5:      lemuel_blue_sif_altar, minmay_temple_entry_poolview,
          cheibrodos_gnoll_hut
D:6:      serial_shops, kennysheep_little_box
D:7:      nicolae_overflow_crystal_walls, serial_shops, shop_fountains,
          basic_altar, uniq_pikel, uniq_joseph
D:8:      chequers_temple_overflow_minitemple
D:9:      kennysheep_mini_moat, orc_0_dummy, blue_anna_alchemist
D:10:     lair_entry_dummy, ebering_ghost_disaster_area
D:11:     uniq_urug
Temple:   eino_temple_water
Sewer:    sewer_frog_island_02

Skill      XL: |  1  2  3  4  5  6  7  8  9 10 |
---------------+-------------------------------+-----
Long Blades    | 4 5 6 7 9 11 | 11.1
Fighting       | 3 4 5 |  5.5
Armour         | 1 2 3 4 |  4.5
Dodging        | 3 4 5 |  5.4
Bows           | 1 4 6 |  6.4
Invocations    | 6 |  6.0
Throwing       | |  1.7

Action                   |  1- 3 |  4- 6 |  7- 9 | 10-12 || total
-------------------------+-------+-------+-------+-------++-------
Melee: Long sword        |    76 |    58 |   296 |   189 ||   619
       Headbutt          |       |    45 |    88 |    64 ||   197
       Scimitar          |       |   155 |    31 |       ||   186
 Fire: Shortbow          |       |       |     4 |    95 ||    99
Throw: Stone             |    38 |   190 |   166 |    36 ||   430
       Tomahawk          |       |    15 |       |       ||    15
Invok: Heroism           |       |       |     1 |     3 ||     4
  Use: Potion            |     4 |       |     2 |     3 ||     9
       Scroll            |     2 |     3 |     2 |     1 ||     8
  Eat: Chunk             |     1 |     8 |    11 |    12 ||    32
       Ration            |       |       |     1 |       ||     1
Armor: Ring mail         |    11 |    14 |       |       ||    25
       Leather armour    |     1 |       |       |       ||     1
       Chain mail        |       |    95 |   210 |       ||   305
       Plate armour      |       |       |    26 |    86 ||   112
Dodge: Dodged            |    50 |   102 |   197 |    75 ||   424
       Rpst.: Long sword |    14 |    12 |    48 |    25 ||    99
       Scimitar          |       |    16 |     6 |       ||    22

Table legend:
 A = Spawn XP
 B = Non-spawn XP
 C = Spawn XP percentage of total XP
 D = Spawn monster count
 E = Non-spawn monster count
 F = Spawn count percentage of total count
 G = Total turns spent on level
                    A         B        C        D         E        F      G
               +---------+---------+-------+---------+---------+-------+---------
         Total |       0 |   11516 |   0.0 |       0 |     269 |   0.0 | 10682
               +---------+---------+-------+---------+---------+-------+---------
           D:1 |       0 |      26 |   0.0 |       0 |      15 |   0.0 |   902
           D:2 |       0 |     270 |   0.0 |       0 |      18 |   0.0 |  1144
           D:3 |       0 |     133 |   0.0 |       0 |      38 |   0.0 |  1009
           D:4 |       0 |     766 |   0.0 |       0 |      30 |   0.0 |  1643
           D:5 |       0 |     732 |   0.0 |       0 |      30 |   0.0 |  1073
           D:6 |       0 |     437 |   0.0 |       0 |       8 |   0.0 |   579
           D:7 |       0 |    2070 |   0.0 |       0 |      20 |   0.0 |   869
           D:8 |       0 |    1377 |   0.0 |       0 |       9 |   0.0 |   660
           D:9 |       0 |    1994 |   0.0 |       0 |      31 |   0.0 |   991
          D:10 |       0 |    3485 |   0.0 |       0 |      20 |   0.0 |  1012
         Sewer |       0 |     226 |   0.0 |       0 |      50 |   0.0 |   539
               +---------+---------+-------+---------+---------+-------+---------
